 Dungeon Crawl Stone Soup version 0.28-a0-1524-ge72afd5 (webtiles) character file.

Game seed: 270770084395951270

105 Dorkslayer the Covered (level 4, 0/42 HPs)
             Began as a Deep Dwarf Fighter on Jan 17, 2022.
             Killed from afar by Ijyb (24 damage)
             ... with a bolt of acid
             ... on level 3 of the Dungeon.
             The game lasted 00:09:28 (2000 turns).

Dorkslayer the Covered (Deep Dwarf Fighter)         Turns: 2000, Time: 00:09:29

Health: 0/42       AC:  3    Str: 22    XL:     4   Next: 53%
Magic:  4/4        EV:  7    Int:  8    God:
Gold:   158        SH:  4    Dex: 12    Spells: 4/4 levels left

rFire   . . .      SeeInvis .   a - +0 war axe
rCold   . . .      Faith    .   c - +0 buckler
rNeg    . . .      Spirit   .   i - +0 chain mail
rPois   .          Reflect  .   (no helmet)
rElec   .          Harm     .   j - +0 cloak
rCorr   .          Rampage  .   f - +0 pair of gloves
Will    .....                   (no boots)
Stlth   ..........              (no amulet)
HPRegen 0.00/turn               (no ring)
MPRegen 0.09/turn               (no ring)

@: corroded
A: damage resistance, heal wounds, sense surroundings 1, no regeneration
a: Heal Wounds


You were on level 3 of the Dungeon.
You visited 1 branch of the dungeon, and saw 3 of its levels.

You collected 158 gold pieces.

Inventory:

Hand Weapons
 a - a +0 war axe (weapon)
Missiles
 k - 7 boomerangs
Armour
 c - a +0 buckler (worn)
 f - a +0 pair of gloves (worn)
 i - a +0 chain mail (worn)
 j - a +0 cloak (worn)
Wands
 g - a wand of iceblast (5)
Scrolls
 l - 2 scrolls of teleportation
Potions
 b - 2 potions of attraction {unknown}
 d - a potion of might
 e - 2 potions of invisibility {unknown}
 h - a potion of haste {unknown}


   Skills:
 * Level 3.3 Fighting
 + Level 3.5 Axes
 + Level 3.8 Armour
 + Level 0.6 Dodging
 + Level 3.7 Shields
 * Level 0.5 Spellcasting
 * Level 0.1 Evocations


You had 4 spell levels left.
You didn't know any spells.
Your spell library contained the following spells:

 Spells                   Type           Power      Damage    Failure   Level
 Summon Small Mammal      Summ           0%         N/A       99%         1
 Call Canine Familiar     Summ           0%         N/A       100%        3
 Gell's Gravitas          Tloc           0%         N/A       100%        3
 Lesser Beckoning         Tloc           0%         N/A       100%        3
 Portal Projectile        Hex/Tloc       0%         N/A       100%        3
 Summon Guardian Golem    Hex/Summ       0%         N/A       100%        3
 Teleport Other           Tloc           0%         N/A       100%        3
 Leda's Liquefaction      Hex/Erth       0%         N/A       100%        4


Dungeon Overview and Level Annotations

Branches:
Dungeon (3/15)

Altars:
Kikubaaqudgha
Ru

Annotations:
D:3 Ijyb


Innate Abilities, Weirdness & Mutations

You are resistant to damage.
You can heal yourself by infusing magical energy.
You passively map a small area around you.
You do not regenerate.


Message History

You feel much better. Ijyb barely misses you.
You hit Ijyb.
Ijyb is lightly wounded.
Ijyb hits you but does no damage.
You slash Ijyb!
Ijyb is severely wounded.
Ijyb barely misses you.
Ijyb zaps a wand.
The bolt of acid hits you!!
* * * LOW HITPOINT WARNING * * *
The acid corrodes you!
You feel much better. Ijyb screams, "I cut your head off!"
Ijyb barely misses you.
You barely miss Ijyb.
Ijyb is severely wounded.
Ijyb hits you but does no damage.
You closely miss Ijyb.
Ijyb is severely wounded.
Ijyb zaps a wand.
The bolt of acid misses you.
You closely miss Ijyb.
Ijyb is severely wounded.
Ijyb zaps a wand.
The bolt of acid hits you!!
Ouch! That really hurt!
The acid corrodes you!
Ijyb screams, "Me very upset!"
Ijyb hits you but does no damage.
You feel much better. Ijyb hits you with a +0 club.
You hit Ijyb but do no damage.
Ijyb is severely wounded.
Ijyb hits you with a +0 club.
You closely miss Ijyb.
Ijyb is severely wounded.
Ijyb hits you with a +0 club. Ijyb misses you.
You closely miss Ijyb.
Ijyb is severely wounded.
Ijyb hits you with a +0 club.
You hit Ijyb but do no damage.
Ijyb is severely wounded.
Ijyb zaps a wand.
The bolt of acid hits you!!
Ouch! That really hurt!
You die...

### #.#.#*## #.# #.#.# .# ####.#
#.#.. .# #....# #.#.#*.# #.##.#
#.#S##.# #.##.## #.#..#.#
###...... #.#.##.# #.#......
#..Sg@.#######.#......
#.#.#####<.....#......
#.#.#####..###.#......
#.#........# #.#......
#.########.# #.#...... #########
#...<......# #........
........######################.##
........... ,, ...............#
........###############.#########


You could see Ijyb and a ball python.

Vanquished Creatures
  Terence (D:3)
  An adder (D:2)
  3 worms (D:3)
  2 dart slugs
  2 orcs (D:3)
  5 bats
  8 endoplasms
  2 giant cockroaches (D:2)
  6 goblins
  A hobgoblin (D:1)
  2 jackals (D:3)
  4 quokkas
  4 ball pythons
  6 kobolds
  7 rats
54 creatures vanquished.

Vanquished Creatures (others)
  5 plants (D:3)
5 creatures vanquished.

Grand Total: 59 creatures vanquished

Notes
Turn   | Place    | Note
-------+----------+-------------------------------------------
     0 | D:1      | Dorkslayer the Deep Dwarf Fighter began the quest for the
                  | Orb.
     0 | D:1      | Reached XP level 1. HP: 20/20 MP: 1/1
   284 | D:1      | Reached XP level 2. HP: 22/28 MP: 2/2
   986 | D:2      | Reached XP level 3. HP: 21/34 MP: 3/3
  1024 | D:2      | Found a faded altar of an unknown god.
  1526 | D:3      | Noticed Terence
  1535 | D:3      | Killed Terence
  1536 | D:3      | Reached XP level 4. HP: 19/42 MP: 4/4
  1662 | D:3      | Found a sacrificial altar of Ru.
  1663 | D:3      | Found an ancient bone altar of Kikubaaqudgha.
  1982 | D:3      | Noticed Ijyb
  2000 | D:3      | Killed from afar by Ijyb

Illustrated notes

Levels and vault maps discovered:
D:1:      lemuel_arrival_tunnels, layout_loops_ring, moated_statue
D:2:      layout_loops_ring, hellmonk_ecumenical_altar_slurped_away
D:3:      layout_basic, minitemple, guppyfry_early_lair_pool, uniq_terence,
          uniq_ijyb

Skill      XL: |  1  2  3 |
---------------+----------+-----
Fighting       | 3 |  3.3
Axes           | 3 |  3.5
Armour         | |  3.8
Dodging        | |  0.6
Shields        | |  3.7
Spellcasting   | |  0.5
Evocations     | |  0.1

Action                   |  1- 3 |  4- 6 || total
-------------------------+-------+-------++-------
Melee: War axe           |   102 |    52 ||   154
 Abil: Heal Wounds       |       |     4 ||     4
  Use: Scroll            |     4 |       ||     4
Armor: Scale mail        |    30 |       ||    30
       Chain mail        |    35 |    17 ||    52
Dodge: Dodged            |    44 |    20 ||    64
Block: Buckler           |    28 |     7 ||    35

Table legend: (Time is in decaauts)
 A = Elapsed time spent in this place.
 B = Non-inter-level travel time spent in this place.
 C = Inter-level travel time spent in this place.
 D = Time resting spent in this place.
 E = Time spent auto-exploring this place.
 F = Levels seen in this place.
 G = Mean time per level.
                   A        B        C        D        E       F      G
               +--------+--------+--------+--------+--------+-----+--------+
         Total |   2062 |   2062 |      0 |    100 |    418 |   3 |  687.3 |
       Dungeon |   2062 |   2062 |      0 |    100 |    418 |   3 |  687.3 |
               +--------+--------+--------+--------+--------+-----+--------+

Top non-repeatable levels by time:
     D:1: 857 daAuts
     D:3: 646 daAuts
     D:2: 558 daAuts
